[Event "FTX Road to Miami Prelims 2022"]
[Site "Online"]
[Date "2022.07.04"]
[Round "11.4"]
[White "Xiong, Jeffery"]
[Black "Dominguez Perez, Leinier"]
[Result "1/2-1/2"]
[ECO "D27"]
[WhiteElo "2691"]
[BlackElo "2754"]
[Annotator "ChessBase"]
[PlyCount "59"]
[EventDate "2022.07.10"]
[EventType "tourn"]
[EventCountry "NET"]
[SourceTitle "playchess.com"]
[Source "ChessBase"]
[SourceQuality "1"]
[TimeControl "40/5400+30:1800+30"]

1. d4 d5 2. c4 dxc4 3. Nf3 Nf6 4. e3 e6 5. Bxc4 a6 6. O-O c5 7. dxc5 Bxc5 8. Qxd8+ Kxd8 9. Be2 Ke7 10. Nc3 b5 11. Nd2 Bb7 12. Nb3 Nbd7 13. Nxc5 Nxc5 14. b4 Nce4 15. Nxe4 Nxe4 16. Bb2 Rac8 17. Rfc1 Rhd8 18. Kf1 Nd2+ 19. Ke1 Nc4 20. Bd4 Bxg2 21. a4 Bd5 22. axb5 axb5 23. Ra7+ Rd7 24. Rca1 f6 25. Bh5 Ne5 26. Bc5+ Kd8 27. Bb6+ Ke7 28. Bc5+ Kd8 29. Bb6+ Ke7 30. Bc5+ 1/2-1/2

[Event "FTX Road to Miami Prelims 2022"]
[Site "Online"]
[Date "2022.07.04"]
[Round "11.5"]
[White "Tari, Aryan"]
[Black "Wei, Yi"]
[Result "1/2-1/2"]
[ECO "B50"]
[WhiteElo "2672"]
[BlackElo "2727"]
[Annotator "ChessBase"]
[PlyCount "276"]
[EventDate "2022.07.10"]
[EventType "tourn"]
[EventCountry "NET"]
[SourceTitle "playchess.com"]
[Source "ChessBase"]
[SourceQuality "1"]
[TimeControl "40/5400+30:1800+30"]

1. e4 c5 2. Nf3 d6 3. Nc3 Nf6 4. h3 a6 5. a4 b6 6. d4 cxd4 7. Nxd4 Bb7 8. Bd3 g6 9. O-O Bg7 10. Re1 O-O 11. Be3 Nbd7 12. Qd2 Rc8 13. Bh6 e5 14. Bxg7 Kxg7 15. Nb3 Rc7 16. Bf1 Rc6 17. Nc1 Qa8 18. N1a2 Rd8 19. Nb4 Rc5 20. Qxd6 a5 21. Nd3 Rc6 22. Qa3 Rcc8 23. f3 Ba6 24. Rad1 Bxd3 25. Bxd3 Nc5 26. Bb5 Ne6 27. Rxd8 Rxd8 28. Ne2 Nh5 29. Bc4 Qc8 30. Bxe6 Qxe6 31. Qe3 Qf6 32. Kh2 Nf4 33. Nxf4 exf4 34. e5 Qg5 35. Qf2 Re8 36. h4 Qd8 37. Re4 Re6 38. Qe1 g5 39. hxg5 Qxg5 40. Qd2 Rxe5 41. Rxf4 h5 42. Qd4 f6 43. Re4 Rxe4 44. Qxe4 Qd2 45. b3 Kh6 46. Kg3 Kg7 47. Qf5 Qe1+ 48. Kh2 Qd2 49. Kh3 Qe1 50. Kh2 Qd2 51. Qxh5 Qxc2 52. Qg4+ Kh6 53. Qe6 Qc3 54. Qxb6 Qe5+ 55. Kh1 Kg6 56. Qf2 Qc3 57. Qg3+ Kf7 58. Qg4 Qxb3 59. Qh5+ Kg7 60. Qxa5 Qb1+ 61. Kh2 Qh7+ 62. Kg3 Qg6+ 63. Kf2 Qc2+ 64. Ke3 Qxg2 65. Qc7+ Kg6 66. Qc6 Qg1+ 67. Kd3 Qd1+ 68. Kc4 Qe2+ 69. Kc5 Qe3+ 70. Kb5 Qe2+ 71. Kb6 Qe3+ 72. Kc7 Qe5+ 73. Kc8 Qa5 74. Qe8+ Kg7 75. Qd7+ Kg6 76. Qc6 Qf5+ 77. Kb7 Qb1+ 78. Ka8 Qa2 79. Ka7 Kg5 80. Ka6 f5 81. a5 Qe2+ 82. Kb7 Qe7+ 83. Qc7 Qb4+ 84. Kc8 Qb5 85. Qg3+ Kh5 86. Qh3+ Kg5 87. Qg3+ Kh5 88. Qc7 Kg5 89. Qb6 Qc4+ 90. Kd8 Qd5+ 91. Ke7 Qe5+ 92. Kf8 Qh8+ 93. Kf7 Qh7+ 94. Ke8 Qh5+ 95. Ke7 Qxf3 96. a6 Qe4+ 97. Kf8 f4 98. a7 Kg4 99. Qb8 Qf5+ 100. Ke7 Qc5+ 101. Kd8 Qd5+ 102. Kc8 Qe6+ 103. Kc7 Qc4+ 104. Kd6 Qd4+ 105. Ke6 Qc4+ 106. Kd7 Qf7+ 107. Kc8 Qe6+ 108. Kc7 Qc4+ 109. Kb7 Qb5+ 110. Kc7 Qe5+ 111. Kb6 Qd4+ 112. Kb5 Qd5+ 113. Ka4 Qd4+ 114. Kb3 Qd3+ 115. Ka2 Qa6+ 116. Kb1 Qd3+ 117. Kb2 Qd2+ 118. Kb3 Qd3+ 119. Ka4 Qd4+ 120. Ka5 Qc5+ 121. Ka6 Qa3+ 122. Kb7 Qb4+ 123. Kc8 Qf8+ 124. Kd7 Qf7+ 125. Kd6 Qf6+ 126. Kd5 Qf7+ 127. Kd4 Qd7+ 128. Kc5 Qe7+ 129. Kc6 Qe4+ 130. Kd7 Qf5+ 131. Ke7 Qc5+ 132. Ke6 Qf5+ 133. Kd6 Qf6+ 134. Kd5 Qf7+ 135. Kd4 Qd7+ 136. Kc5 Qf5+ 137. Kb6 Qe6+ 138. Ka5 Qa2+ 1/2-1/2

[Event "FTX Road to Miami Prelims 2022"]
[Site "Online"]
[Date "2022.07.04"]
[Round "11.6"]
[White "Sevian, Samuel"]
[Black "Shankland, Sam"]
[Result "1-0"]
[ECO "B69"]
[WhiteElo "2684"]
[BlackElo "2720"]
[Annotator "ChessBase"]
[PlyCount "133"]
[EventDate "2022.07.10"]
[EventType "tourn"]
[EventCountry "NET"]
[SourceTitle "playchess.com"]
[Source "ChessBase"]
[SourceQuality "1"]
[TimeControl "40/5400+30:1800+30"]

1. e4 c5 2. Nf3 d6 3. d4 cxd4 4. Nxd4 Nf6 5. Nc3 Nc6 6. Bg5 e6 7. Qd2 a6 8. O-O-O Bd7 9. f4 Be7 10. Nf3 b5 11. Bxf6 gxf6 12. f5 Qb6 13. Ne2 O-O-O 14. Nf4 Kb8 15. g3 d5 16. exd5 e5 17. Nd3 Na5 18. Qf2 Qxf2 19. Nxf2 Bxf5 20. Nh4 Bg6 21. Ng4 Nb7 22. Bh3 Nd6 23. Ne3 Bf8 24. Nhf5 Ne4 25. Rhf1 Bc5 26. Bg2 Nd6 27. Kb1 Rhe8 28. Nxd6 Rxd6 29. Nf5 Bxf5 30. Rxf5 e4 31. c3 e3 32. Kc2 Re5 33. Rxe5 fxe5 34. b4 Bb6 35. Rf1 Rh6 36. h3 e2 37. Re1 Bf2 38. Rxe2 Bxg3 39. Rd2 Kc7 40. Be4 Kd6 41. Rg2 Rxh3 42. Bf5 Rh5 43. Bc8 Rg5 44. Bxa6 f5 45. Bxb5 f4 46. c4 e4 47. Rd2 e3 48. Re2 Bf2 49. Kd3 f3 50. Rxe3 Bxe3 51. Kxe3 Rf5 52. Kf2 h5 53. Bc6 h4 54. c5+ Kc7 55. b5 h3 56. d6+ Kd8 57. b6 Rxc5 58. b7 Rc2+ 59. Kxf3 Rb2 60. Kg3 h2 61. a4 h1=Q 62. Bxh1 Kd7 63. a5 Kxd6 64. a6 Rb3+ 65. Kf2 Rb2+ 66. Ke3 Rb3+ 67. Kd2 1-0

[Event "FTX Road to Miami Prelims 2022"]
[Site "Online"]
[Date "2022.07.04"]
[Round "11.7"]
[White "Aronian, Levon"]
[Black "Wojtaszek, Radoslaw"]
[Result "1-0"]
[ECO "B50"]
[WhiteElo "2775"]
[BlackElo "2708"]
[Annotator "ChessBase"]
[PlyCount "85"]
[EventDate "2022.07.10"]
[EventType "tourn"]
[EventCountry "NET"]
[SourceTitle "playchess.com"]
[Source "ChessBase"]
[SourceQuality "1"]
[TimeControl "40/5400+30:1800+30"]

1. e4 c5 2. Nf3 d6 3. Bc4 Nf6 4. d3 e6 5. O-O Be7 6. a4 O-O 7. Nbd2 Nc6 8. c3 a6 9. Re1 Rb8 10. Bb3 b5 11. Nf1 Bb7 12. Ng3 Rc8 13. d4 cxd4 14. cxd4 Nb4 15. axb5 axb5 16. Bg5 h6 17. Bxf6 Bxf6 18. Qd2 Na6 19. Nh5 Be7 20. Qf4 Kh8 21. Qg4 Rg8 22. Nf4 Nc7 23. Ra7 Ba8 24. d5 e5 25. Nd3 Ne8 26. Rea1 Nf6 27. Qf5 Rb8 28. Nb4 Bb7 29. Nc6 Qe8 30. Nxb8 Bc8 31. Nc6 Bxf5 32. Rxe7 Qc8 33. exf5 Qxf5 34. Rd1 Nh5 35. Ncxe5 dxe5 36. Nxe5 Nf4 37. d6 Kh7 38. Rxf7 Nh3+ 39. gxh3 Qxe5 40. Bc2+ Kh8 41. d7 Rd8 42. Rf8+ Rxf8 43. d8=Q 1-0

[Event "FTX Road to Miami Prelims 2022"]
[Site "Online"]
[Date "2022.07.04"]
[Round "12.1"]
[White "Niemann, Hans Moke"]
[Black "Rapport, Richard"]
[Result "0-1"]
[ECO "B51"]
[WhiteElo "2688"]
[BlackElo "2764"]
[Annotator "ChessBase"]
[PlyCount "140"]
[EventDate "2022.07.10"]
[EventType "tourn"]
[EventCountry "NET"]
[SourceTitle "playchess.com"]
[Source "ChessBase"]
[SourceQuality "1"]
[TimeControl "40/5400+30:1800+30"]

1. e4 c5 2. Nf3 d6 3. Bb5+ Nd7 4. O-O a6 5. Bd3 g6 6. c3 Bg7 7. Bc2 Ne5 8. Nxe5 dxe5 9. d3 Nf6 10. a4 b6 11. h3 Nh5 12. Be3 a5 13. Nd2 Nf4 14. d4 cxd4 15. cxd4 Ba6 16. Re1 Ne2+ 17. Rxe2 exd4 18. Bg5 d3 19. Bxd3 Qxd3 20. Re3 Qd7 21. Nf3 Qxd1+ 22. Rxd1 b5 23. axb5 Bxb5 24. Rd5 Bc4 25. Rc5 Be6 26. Ra3 a4 27. e5 h6 28. Bh4 g5 29. Bg3 O-O 30. Rb5 Rfd8 31. Rb4 Rd1+ 32. Kh2 Rc8 33. Rd4 Rxd4 34. Nxd4 Bd7 35. Rd3 h5 36. f4 h4 37. Be1 gxf4 38. Bxh4 Rb8 39. Nf3 Bc6 40. Bxe7 Bxf3 41. Rxf3 Bxe5 42. Ba3 Kg7 43. Rf2 Rc8 44. Rd2 Kg6 45. Kg1 Kf5 46. Kf2 f6 47. Kf3 Rg8 48. Rd5 Rg3+ 49. Kf2 Ke4 50. Rd2 Bd4+ 51. Kf1 f3 52. gxf3+ Ke3 53. Bb4 Rxh3 54. Kg2 Rh7 55. Rd1 Rg7+ 56. Kh3 Bxb2 57. Rd5 Be5 58. Bc5+ Kxf3 59. Rd3+ Ke4 60. Ra3 Rh7+ 61. Kg2 Rg7+ 62. Kh3 Kf5 63. Rxa4 Rg3+ 64. Kh4 Rg2 65. Ra3 Rh2+ 66. Rh3 Rc2 67. Rf3+ Ke4 68. Re3+ Kf4 69. Bb6 Rb2 70. Ba7 Rb7 0-1

[Event "FTX Road to Miami Prelims 2022"]
[Site "Online"]
[Date "2022.07.04"]
[Round "12.3"]
[White "Shankland, Sam"]
[Black "Aronian, Levon"]
[Result "1-0"]
[ECO "C45"]
[WhiteElo "2720"]
[BlackElo "2775"]
[Annotator "ChessBase"]
[PlyCount "103"]
[EventDate "2022.07.10"]
[EventType "tourn"]
[EventCountry "NET"]
[SourceTitle "playchess.com"]
[Source "ChessBase"]
[SourceQuality "1"]
[TimeControl "40/5400+30:1800+30"]

1. e4 e5 2. Nf3 Nc6 3. d4 exd4 4. Nxd4 Nf6 5. Nxc6 bxc6 6. Bd3 d5 7. exd5 cxd5 8. O-O Be7 9. c4 O-O 10. Nc3 d4 11. Ne4 Nxe4 12. Bxe4 Rb8 13. Qd3 h6 14. b3 Bd6 15. Bd2 c5 16. Rfe1 Qf6 17. Re2 Bg4 18. f3 Bd7 19. Rae1 Rbe8 20. a3 Rb8 21. Rb1 Rfe8 22. b4 Bf5 23. Rbe1 Bxe4 24. Rxe4 Rxe4 25. Rxe4 a6 26. b5 axb5 27. cxb5 Ra8 28. b6 Rb8 29. Ba5 Qg5 30. Qc4 Qh5 31. h4 Kh7 32. a4 f5 33. Re6 Bf4 34. Be1 Re8 35. Kf1 d3 36. Rxe8 Qxe8 37. Qxd3 Qxa4 38. Qxf5+ Kg8 39. b7 Qc4+ 40. Kg1 Qd4+ 41. Kh1 Qc4 42. Bf2 Qb4 43. g3 Qxb7 44. Qxf4 Qb1+ 45. Kg2 Qa2 46. Qf5 c4 47. Qd5+ Kh7 48. h5 Kh8 49. g4 Qa4 50. Bd4 Qc2+ 51. Kg3 Qc1 52. Qa8+ 1-0

[Event "FTX Road to Miami Prelims 2022"]
[Site "Online"]
[Date "2022.07.04"]
[Round "12.4"]
[White "Wei, Yi"]
[Black "Sevian, Samuel"]
[Result "0-1"]
[ECO "A20"]
[WhiteElo "2727"]
[BlackElo "2684"]
[Annotator "ChessBase"]
[PlyCount "86"]
[EventDate "2022.07.10"]
[EventType "tourn"]
[EventCountry "NET"]
[SourceTitle "playchess.com"]
[Source "ChessBase"]
[SourceQuality "1"]
[TimeControl "40/5400+30:1800+30"]

1. c4 e5 2. d3 Nf6 3. Nf3 Nc6 4. a3 d5 5. cxd5 Nxd5 6. e4 Nb6 7. Be3 Be7 8. Nbd2 O-O 9. Rc1 Bf6 10. Be2 a5 11. O-O Re8 12. Qc2 a4 13. h3 Be6 14. Rfe1 h6 15. Nf1 Bb3 16. Qb1 Nd7 17. Bd1 Bxd1 18. Rexd1 Nd4 19. Nxd4 exd4 20. Bf4 c5 21. b4 axb3 22. Qxb3 b6 23. Nd2 Bg5 24. Bg3 Qf6 25. Rc2 Bh4 26. Bxh4 Qxh4 27. Rf1 Ne5 28. Kh2 Ng4+ 29. Kg1 Ne5 30. Kh2 Re6 31. g3 Qh5 32. f3 Rg6 33. Rf2 b5 34. Qxb5 c4 35. Qd5 Rxa3 36. Qd8+ Kh7 37. g4 Rxg4 38. fxg4 Nxg4+ 39. Kg1 Nxf2 40. Kxf2 Rxd3 41. Qd7 Qh4+ 42. Kf1 Qf4+ 43. Ke1 c3 0-1

[Event "FTX Road to Miami Prelims 2022"]
[Site "Online"]
[Date "2022.07.04"]
[Round "12.5"]
[White "Dominguez Perez, Leinier"]
[Black "Tari, Aryan"]
[Result "1-0"]
[ECO "C67"]
[WhiteElo "2754"]
[BlackElo "2672"]
[Annotator "ChessBase"]
[PlyCount "97"]
[EventDate "2022.07.10"]
[EventType "tourn"]
[EventCountry "NET"]
[SourceTitle "playchess.com"]
[Source "ChessBase"]
[SourceQuality "1"]
[TimeControl "40/5400+30:1800+30"]

1. e4 e5 2. Nf3 Nc6 3. Bb5 Nf6 4. O-O Nxe4 5. d4 Nd6 6. Bxc6 dxc6 7. dxe5 Nf5 8. Qxd8+ Kxd8 9. Rd1+ Ke8 10. Nc3 Ne7 11. h3 Ng6 12. Re1 Be7 13. Bg5 Bxg5 14. Nxg5 Ke7 15. Kh2 h5 16. g3 Bf5 17. Re2 Nf8 18. Rd1 Ne6 19. Nxe6 Kxe6 20. f4 Rad8 21. Red2 Rxd2+ 22. Rxd2 f6 23. exf6 Kxf6 24. Kg2 Re8 25. Ne2 a5 26. Nd4 Bc8 27. Nf3 Be6 28. a3 b5 29. Ng5 Bd5+ 30. Kf2 Kf5 31. Nf3 b4 32. axb4 axb4 33. Rd4 Re4 34. Nh4+ Kf6 35. Rxe4 Bxe4 36. c3 c5 37. Ke3 Bd5 38. Nf3 Kf5 39. Ne5 Bg2 40. g4+ hxg4 41. hxg4+ Ke6 42. Nd3 bxc3 43. bxc3 Kd5 44. f5 Kc4 45. Nf4 Bc6 46. Kd2 Bd7 47. Nh5 g6 48. fxg6 Bxg4 49. g7 1-0

[Event "FTX Road to Miami Prelims 2022"]
[Site "Online"]
[Date "2022.07.04"]
[Round "12.6"]
[White "Duda, Jan-Krzysztof"]
[Black "Xiong, Jeffery"]
[Result "1/2-1/2"]
[ECO "C65"]
[WhiteElo "2750"]
[BlackElo "2691"]
[Annotator "ChessBase"]
[PlyCount "114"]
[EventDate "2022.07.10"]
[EventType "tourn"]
[EventCountry "NET"]
[SourceTitle "playchess.com"]
[Source "ChessBase"]
[SourceQuality "1"]
[TimeControl "40/5400+30:1800+30"]

1. e4 e5 2. Nf3 Nc6 3. Bb5 Nf6 4. d3 Bc5 5. c3 O-O 6. O-O Re8 7. b4 Bb6 8. Bc4 d6 9. a4 a5 10. b5 Ne7 11. Qb3 d5 12. exd5 Nf5 13. Bg5 h6 14. Bxf6 Qxf6 15. Nbd2 Nd6 16. Rae1 Bg4 17. Re2 Bxf3 18. Nxf3 e4 19. dxe4 Rxe4 20. Bd3 Rxe2 21. Bxe2 Ne4 22. Bd3 Qxc3 23. Qxc3 Nxc3 24. Bc2 Re8 25. Re1 Rxe1+ 26. Nxe1 Kf8 27. Kf1 Ke7 28. Nd3 Kd6 29. Bb3 f5 30. h4 g5 31. hxg5 hxg5 32. Ke1 Nxd5 33. Ke2 Bd4 34. Kf3 Nf6 35. Bf7 Ke7 36. Bb3 Ne4 37. Ke2 Kd6 38. Bc2 Nc3+ 39. Kd2 Nd5 40. Ke2 g4 41. g3 Nc3+ 42. Kf1 Ne4 43. Kg2 c5 44. bxc6 bxc6 45. f3 gxf3+ 46. Kxf3 Be5 47. Nf4 Nc3 48. Ne2 Nxe2 49. Kxe2 Bxg3 50. Bxf5 Kc5 51. Bd7 Kd6 52. Be8 Kc5 53. Kd3 Be1 54. Bd7 Kd6 55. Be8 Kc5 56. Bd7 Kd6 57. Be8 Kc5 1/2-1/2

[Event "FTX Road to Miami Prelims 2022"]
[Site "Online"]
[Date "2022.07.04"]
[Round "12.7"]
[White "Mamedyarov, Shakhriyar"]
[Black "Giri, Anish"]
[Result "1/2-1/2"]
[ECO "D78"]
[WhiteElo "2759"]
[BlackElo "2760"]
[Annotator "ChessBase"]
[PlyCount "112"]
[EventDate "2022.07.10"]
[EventType "tourn"]
[EventCountry "NET"]
[SourceTitle "playchess.com"]
[Source "ChessBase"]
[SourceQuality "1"]
[TimeControl "40/5400+30:1800+30"]

1. d4 Nf6 2. c4 g6 3. g3 c6 4. Nf3 Bg7 5. Bg2 d5 6. O-O O-O 7. a4 a5 8. cxd5 cxd5 9. Qb3 Nc6 10. Bf4 e6 11. Na3 Nh5 12. Be3 Qe7 13. Nb5 Bd7 14. Rfc1 Rfc8 15. Bd2 h6 16. h3 Nf6 17. Ne5 Ne4 18. Bxe4 dxe4 19. Bf4 Nxe5 20. Bxe5 Bxe5 21. dxe5 Qg5 22. Rxc8+ Rxc8 23. Nd6 Rc1+ 24. Rxc1 Qxc1+ 25. Kg2 e3 26. fxe3 Qc5 27. Kf2 Qxe5 28. Qb6 Bxa4 29. Qd8+ Kg7 30. Qe7 Qf6+ 31. Qxf6+ Kxf6 32. Nxb7 Bc6 33. Nxa5 Bd5 34. b4 Ke5 35. b5 Kd6 36. b6 g5 37. Ke1 h5 38. h4 g4 39. Kd2 e5 40. e4 Bxe4 41. Nc4+ Ke6 42. Na5 Kd6 43. b7 Kc7 44. Nc4 f6 45. Nd6 Bxb7 46. Ne8+ Kd7 47. Nxf6+ Ke6 48. Nh7 Be4 49. Ng5+ Kd5 50. Kc3 Bg6 51. e3 Be8 52. Kb4 Bd7 53. Kb3 Bb5 54. Kc3 Be8 55. Kd3 Bg6+ 56. Kc3 Be8 1/2-1/2

[Event "FTX Road to Miami Prelims 2022"]
[Site "Online"]
[Date "2022.07.04"]
[Round "12.8"]
[White "Erigaisi Arjun"]
[Black "Ju, Wenjun"]
[Result "1-0"]
[ECO "D00"]
[WhiteElo "2689"]
[BlackElo "2560"]
[Annotator "ChessBase"]
[PlyCount "67"]
[EventDate "2022.07.10"]
[EventType "tourn"]
[EventCountry "NET"]
[SourceTitle "playchess.com"]
[Source "ChessBase"]
[SourceQuality "1"]
[TimeControl "40/5400+30:1800+30"]

1. d4 Nf6 2. Nc3 d5 3. Bf4 c5 4. e3 a6 5. dxc5 Qa5 6. Nf3 Nbd7 7. Nd2 Qxc5 8. Nb3 Qc6 9. Qd4 e6 10. O-O-O Be7 11. g4 O-O 12. Be2 Nc5 13. Kb1 b5 14. g5 Nfd7 15. h4 Re8 16. Bf3 Nxb3 17. cxb3 Qb6 18. Qd2 a5 19. h5 a4 20. b4 Bb7 21. g6 Nf6 22. Be5 fxg6 23. hxg6 h6 24. a3 Nd7 25. Bd4 Qd8 26. Nxb5 Ba6 27. Nc3 Bc4 28. Rc1 Bb3 29. Bd1 e5 30. Bc5 Bxc5 31. Bxb3 axb3 32. Qxd5+ Kh8 33. Rxh6+ gxh6 34. Qf7 1-0

[Event "FTX Road to Miami Prelims 2022"]
[Site "Online"]
[Date "2022.07.04"]
[Round "13.1"]
[White "Ju, Wenjun"]
[Black "Niemann, Hans Moke"]
[Result "1-0"]
[ECO "E68"]
[WhiteElo "2560"]
[BlackElo "2688"]
[Annotator "ChessBase"]
[PlyCount "79"]
[EventDate "2022.07.10"]
[EventType "tourn"]
[EventCountry "NET"]
[SourceTitle "playchess.com"]
[Source "ChessBase"]
[SourceQuality "1"]
[TimeControl "40/5400+30:1800+30"]

1. d4 Nf6 2. c4 g6 3. Nf3 Bg7 4. g3 O-O 5. Bg2 d6 6. O-O Nbd7 7. Nc3 e5 8. e4 exd4 9. Nxd4 Nc5 10. h3 Re8 11. Re1 h6 12. Rb1 a5 13. b3 Nfd7 14. f4 Nb6 15. Be3 Bd7 16. Ndb5 Bxb5 17. Nxb5 Nbd7 18. Qc2 Rc8 19. Rbd1 Qe7 20. Bf2 h5 21. Qd2 h4 22. g4 g5 23. e5 dxe5 24. fxg5 Nf8 25. Bxh4 Nce6 26. Nc3 Ng6 27. Nd5 Qf8 28. Qf2 c6 29. Nf6+ Bxf6 30. gxf6 Qh6 31. Bg3 Nef4 32. h4 Rcd8 33. h5 Rxd1 34. Rxd1 Nf8 35. Re1 Re6 36. Bh4 Nh7 37. Rd1 Ng5 38. Rd8+ Kh7 39. Bxg5 Qxg5 40. Be4+ 1-0

[Event "FTX Road to Miami Prelims 2022"]
[Site "Online"]
[Date "2022.07.04"]
[Round "13.2"]
[White "Giri, Anish"]
[Black "Erigaisi Arjun"]
[Result "1/2-1/2"]
[ECO "D37"]
[WhiteElo "2760"]
[BlackElo "2689"]
[Annotator "ChessBase"]
[PlyCount "54"]
[EventDate "2022.07.10"]
[EventType "tourn"]
[EventCountry "NET"]
[SourceTitle "playchess.com"]
[Source "ChessBase"]
[SourceQuality "1"]
[TimeControl "40/5400+30:1800+30"]

1. c4 e6 2. Nc3 d5 3. d4 h6 4. Nf3 Nf6 5. e3 Bd6 6. b3 O-O 7. Bb2 b6 8. Bd3 Bb7 9. O-O Nbd7 10. Rc1 a6 11. Qe2 Qe7 12. e4 dxe4 13. Nxe4 Ba3 14. Bxa3 Qxa3 15. Rc2 Rad8 16. Rd1 c5 17. Rcd2 cxd4 18. Nxd4 Qe7 19. Bb1 Nxe4 20. Bxe4 Nf6 21. Bxb7 Qxb7 22. Qf3 Qe4 23. Qxe4 Nxe4 24. Rd3 Nc5 25. R3d2 Ne4 26. Rd3 Nc5 27. R3d2 Ne4 1/2-1/2

[Event "FTX Road to Miami Prelims 2022"]
[Site "Online"]
[Date "2022.07.04"]
[Round "13.3"]
[White "Xiong, Jeffery"]
[Black "Mamedyarov, Shakhriyar"]
[Result "1-0"]
[ECO "C47"]
[WhiteElo "2691"]
[BlackElo "2759"]
[Annotator "ChessBase"]
[PlyCount "103"]
[EventDate "2022.07.10"]
[EventType "tourn"]
[EventCountry "NET"]
[SourceTitle "playchess.com"]
[Source "ChessBase"]
[SourceQuality "1"]
[TimeControl "40/5400+30:1800+30"]

1. e4 e5 2. Nf3 Nc6 3. Nc3 Nf6 4. d4 Bb4 5. Nxe5 Bxc3+ 6. bxc3 Qe7 7. Nxc6 Qxe4+ 8. Be2 Qxc6 9. O-O O-O 10. c4 d5 11. cxd5 Nxd5 12. c4 Nc3 13. Qd3 Nxe2+ 14. Qxe2 Re8 15. Be3 Bf5 16. Rac1 b6 17. d5 Qg6 18. Qf3 Re4 19. c5 Rd8 20. cxb6 cxb6 21. h3 Ra4 22. Rfd1 h5 23. d6 Be4 24. Qg3 Qxg3 25. fxg3 Rxa2 26. Rd4 Bxg2 27. d7 Bxh3 28. Rc8 Rxc8 29. dxc8=Q+ Bxc8 30. Rd8+ Kh7 31. Rxc8 f6 32. Rc7 Kg6 33. Bf2 Ra4 34. Kg2 Kh6 35. Rf7 Kh7 36. Rc7 Kg8 37. Rc8+ Kh7 38. Rc7 Kh6 39. Rf7 Ra3 40. Re7 Ra2 41. Kf3 Ra3+ 42. Kg2 g5 43. Re6 Kg6 44. Bd4 Kf5 45. Rxf6+ Kg4 46. Bf2 b5 47. Rd6 Ra4 48. Rd5 a6 49. Be3 Ra2+ 50. Bd2 Rxd2+ 51. Rxd2 h4 52. gxh4 1-0

[Event "FTX Road to Miami Prelims 2022"]
[Site "Online"]
[Date "2022.07.04"]
[Round "13.4"]
[White "Tari, Aryan"]
[Black "Duda, Jan-Krzysztof"]
[Result "1-0"]
[ECO "B52"]
[WhiteElo "2672"]
[BlackElo "2750"]
[Annotator "ChessBase"]
[PlyCount "175"]
[EventDate "2022.07.10"]
[EventType "tourn"]
[EventCountry "NET"]
[SourceTitle "playchess.com"]
[Source "ChessBase"]
[SourceQuality "1"]
[TimeControl "40/5400+30:1800+30"]

1. e4 c5 2. Nf3 d6 3. Bb5+ Bd7 4. Bxd7+ Qxd7 5. c4 Nf6 6. Nc3 g5 7. d3 g4 8. Ng1 h5 9. Nge2 Nc6 10. Bg5 Bg7 11. Qd2 Nh7 12. Be3 Nf8 13. d4 Ng6 14. O-O-O b6 15. h3 Rc8 16. Kb1 Nh4 17. hxg4 hxg4 18. dxc5 bxc5 19. Bxc5 Qe6 20. Ba3 Nxg2 21. Qg5 Rxh1 22. Rxh1 Bf6 23. Qd5 Ne5 24. b3 Nf3 25. Rd1 Qxd5 26. Nxd5 Bh4 27. Ng3 Kd7 28. c5 Bg5 29. cxd6 e6 30. Nc7 Bd8 31. Na6 Bb6 32. Nh5 Bd4 33. Bb2 e5 34. Ba3 Nf4 35. Nf6+ Ke6 36. d7 Rd8 37. Nxg4 Rxd7 38. Bc5 f5 39. Bxd4 Rxd4 40. Nc7+ Kd7 41. Nxe5+ Kxc7 42. Rc1+ Kb6 43. Nxf3 Rxe4 44. Nd2 Re2 45. Nc4+ Kc5 46. Ne3+ Kb5 47. Rc2 Re1+ 48. Kb2 Nd3+ 49. Kc3 Nxf2 50. Nxf5 Ne4+ 51. Kd4 Kb6 52. Ne3 Nd6 53. Nd5+ Kb7 54. Rc7+ Kb8 55. Rd7 Rd1+ 56. Kc5 Nb7+ 57. Kb5 Rd3 58. b4 Ra3 59. Rh7 Nd6+ 60. Kc5 Nc8 61. b5 Rxa2 62. Nb4 Rg2 63. Nc6+ Ka8 64. Rc7 Rb2 65. Rxc8+ Kb7 66. Rb8+ Kc7 67. Ra8 Rc2+ 68. Kb4 Rb2+ 69. Kc4 Rc2+ 70. Kb3 Rc1 71. Nd4 Kb7 72. Rg8 Ra1 73. Ne6 Rb1+ 74. Kc4 Rc1+ 75. Kd5 Rd1+ 76. Nd4 Rc1 77. Rg7+ Kb6 78. Rg6+ Kb7 79. Nb3 Rd1+ 80. Kc4 Kc7 81. Kc5 Rd7 82. Nd4 Rh7 83. Nc6 Rh5+ 84. Kb4 a6 85. bxa6 Rh1 86. a7 Rb1+ 87. Kc3 Ra1 88. Rg8 1-0

[Event "FTX Road to Miami Prelims 2022"]
[Site "Online"]
[Date "2022.07.04"]
[Round "13.5"]
[White "Sevian, Samuel"]
[Black "Dominguez Perez, Leinier"]
[Result "1/2-1/2"]
[ECO "C54"]
[WhiteElo "2684"]
[BlackElo "2754"]
[Annotator "ChessBase"]
[PlyCount "79"]
[EventDate "2022.07.10"]
[EventType "tourn"]
[EventCountry "NET"]
[SourceTitle "playchess.com"]
[Source "ChessBase"]
[SourceQuality "1"]
[TimeControl "40/5400+30:1800+30"]

1. e4 e5 2. Nf3 Nc6 3. Bc4 Bc5 4. O-O Nf6 5. d3 d6 6. c3 a5 7. Re1 O-O 8. h3 h6 9. Bb5 Bb6 10. Nbd2 Be6 11. Nf1 Ne7 12. Ng3 Nd7 13. d4 f5 14. exf5 Nxf5 15. Nxf5 Bxf5 16. Bc4+ Kh8 17. dxe5 Nxe5 18. Nxe5 dxe5 19. Qxd8 Raxd8 20. Be3 Bxe3 21. Rxe3 Rd2 22. Re2 Rxe2 23. Bxe2 Rd8 24. Rd1 Rxd1+ 25. Bxd1 g5 26. Kf1 Kg7 27. Ke2 Be4 28. g3 Bf5 29. h4 gxh4 30. gxh4 Bg4+ 31. f3 Be6 32. a3 Kg6 33. Kf2 Bf5 34. Be2 b6 35. Bb5 Kf6 36. Ke3 Bc2 37. Bc6 Bf5 38. Bb5 Bc2 39. Bc6 Bf5 40. Bb5 1/2-1/2

[Event "FTX Road to Miami Prelims 2022"]
[Site "Online"]
[Date "2022.07.04"]
[Round "13.6"]
[White "Aronian, Levon"]
[Black "Wei, Yi"]
[Result "1/2-1/2"]
[ECO "B50"]
[WhiteElo "2775"]
[BlackElo "2727"]
[Annotator "ChessBase"]
[PlyCount "121"]
[EventDate "2022.07.10"]
[EventType "tourn"]
[EventCountry "NET"]
[SourceTitle "playchess.com"]
[Source "ChessBase"]
[SourceQuality "1"]
[TimeControl "40/5400+30:1800+30"]

1. e4 c5 2. Nf3 d6 3. Bc4 Nf6 4. d3 e6 5. O-O Be7 6. Nbd2 Nc6 7. c3 O-O 8. Re1 a6 9. Bb3 b5 10. Nf1 a5 11. Ng3 a4 12. Bc2 e5 13. h3 Qc7 14. d4 cxd4 15. cxd4 exd4 16. Bf4 Be6 17. Nf5 Bxf5 18. exf5 a3 19. bxa3 Nd5 20. Bg5 Rxa3 21. Bb3 Bxg5 22. Nxg5 Nf6 23. Rc1 d5 24. Nf3 Qb6 25. g4 Ne4 26. Nd2 Nc3 27. Qf3 Nb4 28. Nb1 Nxb1 29. Rxb1 d3 30. Qf4 Nxa2 31. Qd2 Qa5 32. Qxa5 Rxa5 33. Ra1 Rfa8 34. Bxd5 d2 35. Red1 Nc3 36. Rxa5 Rxa5 37. Rxd2 Ra1+ 38. Kg2 Rd1 39. Rxd1 Nxd1 40. Kf3 Nc3 41. Bb3 Kf8 42. f6 gxf6 43. Ke3 Ke7 44. Kd4 Ne2+ 45. Ke3 Nc3 46. Kd4 b4 47. f4 Ne2+ 48. Ke3 Nc3 49. Kd4 h6 50. h4 Ne2+ 51. Ke3 Nc3 52. Kd4 Nb1 53. Kd3 Na3 54. g5 fxg5 55. fxg5 hxg5 56. hxg5 Kf8 57. Kd4 Kg7 58. Kc5 Kg6 59. Kxb4 Kxg5 60. Bxf7 Kf6 61. Kxa3 1/2-1/2

[Event "FTX Road to Miami Prelims 2022"]
[Site "Online"]
[Date "2022.07.04"]
[Round "13.8"]
[White "Rapport, Richard"]
[Black "Wojtaszek, Radoslaw"]
[Result "1/2-1/2"]
[ECO "B23"]
[WhiteElo "2764"]
[BlackElo "2708"]
[Annotator "ChessBase"]
[PlyCount "95"]
[EventDate "2022.07.10"]
[EventType "tourn"]
[EventCountry "NET"]
[SourceTitle "playchess.com"]
[Source "ChessBase"]
[SourceQuality "1"]
[TimeControl "40/5400+30:1800+30"]

1. e4 c5 2. Nc3 d6 3. Bc4 Nc6 4. d3 g6 5. a3 Bg7 6. Nge2 e6 7. Ba2 Nge7 8. Bg5 h6 9. Be3 Nd4 10. O-O O-O 11. Qd2 Kh7 12. Rae1 Nec6 13. Nc1 b6 14. f4 f5 15. Kh1 Qf6 16. Nd1 Bd7 17. c3 Nb5 18. Ne2 Rae8 19. Nf2 e5 20. exf5 gxf5 21. Ng3 Qh4 22. Nh3 Nc7 23. Bf2 Qf6 24. Nh5 Qg6 25. Nxg7 Qxg7 26. Bg3 Be6 27. Bb1 Nd5 28. b4 a6 29. c4 Nc7 30. Qf2 Bd7 31. bxc5 bxc5 32. fxe5 dxe5 33. Qxc5 Ne6 34. Qd6 Ned4 35. Bxe5 Rxe5 36. Rxe5 Rg8 37. Nf4 Qxe5 38. Qxd7+ Rg7 39. Qd5 Qe3 40. g3 Re7 41. c5 Ne5 42. Ba2 Rg7 43. Qg2 Ng4 44. c6 Qe5 45. Qd5 Qe3 46. Qg2 Qe5 47. Rc1 Qe3 48. Rf1 1/2-1/2